AoeStats
← 沒起房子我日

Lombardia

509542996Analyzed
4v4 RM · 4d ago on Sep 27, 2026· 33m 43s· 8 players
Game mode
Random Map
Map size
Large (8 player)
Population
200
Speed
Normal
Resources
Standard
Victory
Conquest
Starting age
Dark Age
Ending age
Imperial Age
RankedLock teamsTeams togetherTeam positionsShared explorationLock speedFull tech treeHidden civsTurbo modeCheats
Victory
Defeat
🇨🇳 Varangians · China
1734
+9
🇨🇳 Mongols · China
1636
+12
🇨🇳 Danes · China
1618
+13
🇹🇼 Huns · Taiwan
1532
+16
🇧🇩 Varangians · Bangladesh
1776
-22
🇦🇷 Poles · Argentina
1477
-10
🇦🇷 Spanish · Argentina
1471
-9
🇦🇷 Mongols · Argentina
1470
-9
沒起房子我日
11:01 Feudal Age
12:08 Double-Bit Axe
15:02 Castle Age
12:55 Horse Collar
14:17 Gold Mining
14:32 Fletching
15:41 Bodkin Arrow
19:28 Bow Saw
21:40 Wheelbarrow
21:42 Padded Archer Armor
23:39 Heavy Plow
23:46 Gold Mining
25:12 Hand Cart
25:28 Stone Mining
28:03 Loom
30:52 Imperial Age
29:31 Leather Archer Armor
31:41 Thumb Ring
32:02 Parthian Tactics
31:38 Bracer
31:19 Heavy Cavalry Archer
33:02 Chemistry
32:55 Ballistics
33:46 Bloodlines
33:37 Husbandry
Bz_青红
5:51 Loom
8:04 Feudal Age
9:04 Double-Bit Axe
11:18 Horse Collar
18:14 Castle Age
18:11 Gold Mining
18:13 Stone Mining
19:45 Bow Saw
22:42 Wheelbarrow
26:13 Hand Cart
31:22 Imperial Age
29:32 Caravan
29:45 Fletching
30:18 Ballistics
30:10 Bloodlines
31:22 Bodkin Arrow
31:37 Elite Mangudai
32:40 Conscription
32:42 Bracer
34:04 Chemistry
34:09 Parthian Tactics
34:02 Padded Archer Armor
半半年没打了
10:51 Feudal Age
14:32 Castle Age
12:32 Double-Bit Axe
12:44 Horse Collar
15:54 Bow Saw
21:56 Wheelbarrow
21:31 Heavy Plow
23:42 Hand Cart
23:37 Gold Mining
24:14 Stone Mining
28:46 Imperial Age
26:54 Stone Shaft Mining
26:27 Loom
26:27 Town Watch
27:52 Scale Barding Armor
27:57 Forging
28:26 Husbandry
28:36 Bloodlines
28:18 Vendel Legacy
29:05 Cavalier
30:07 Chain Barding Armor
30:23 Guilds
31:16 Iron Casting
31:07 Conscription
31:40 Plate Barding Armor
33:24 Blast Furnace
32:19 Capped Ram
33:51 Crop Rotation
Marlin
10:34 Feudal Age
11:05 Double-Bit Axe
15:06 Castle Age
13:07 Horse Collar
16:23 Bow Saw
16:16 Heavy Plow
20:39 Wheelbarrow
22:13 Stone Mining
22:16 Gold Mining
23:39 Hand Cart
23:11 Loom
23:13 Town Watch
24:56 Gold Shaft Mining
28:04 Imperial Age
25:40 Scale Mail Armor
26:12 Forging
26:23 Masonry
26:56 Chain Mail Armor
26:53 Fletching
27:26 Ballistics
28:09 Iron Casting
27:41 Town Patrol
29:20 Plate Mail Armor
29:14 Conscription
29:56 Stone Shaft Mining
31:05 Blast Furnace
30:24 Bodkin Arrow
30:15 Hamask
31:41 Squires
31:27 Arson
31:27 Gambesons
|MP| layc0ni
8:42 Loom
10:28 Feudal Age
15:28 Castle Age
13:40 Double-Bit Axe
14:26 Horse Collar
22:31 Bow Saw
22:24 Heavy Plow
25:29 Wheelbarrow
24:39 Town Watch
25:15 Scale Barding Armor
26:57 Chain Barding Armor
29:58 Imperial Age
27:48 Forging
28:23 Gold Mining
28:24 Stone Mining
28:48 Bloodlines
28:39 Husbandry
28:54 Husbandry
30:08 Cavalier
31:25 Plate Barding Armor
32:02 Iron Casting
Gandhi
4:59 Loom
12:13 Feudal Age
16:13 Castle Age
15:13 Double-Bit Axe
15:52 Horse Collar
22:16 Fletching
27:47 Bow Saw
29:13 Wheelbarrow
28:45 Gold Mining
28:45 Stone Mining
30:24 Town Watch
30:58 Hand Cart
31:02 Fortified Wall
31:17 Town Watch
34:42 Imperial Age
32:59 Gold Shaft Mining
33:00 Stone Shaft Mining
32:32 Heavy Plow
33:17 Bodkin Arrow
33:22 Padded Archer Armor
33:32 Thumb Ring
33:49 Ballistics
Vladimir Computin
4:57 Loom
10:05 Feudal Age
14:09 Castle Age
12:04 Horse Collar
12:27 Double-Bit Axe
22:00 Bow Saw
22:22 Heavy Plow
23:54 Wheelbarrow
23:21 Town Watch
26:22 Hand Cart
26:59 Gold Mining
27:15 Stone Mining
30:43 Imperial Age
28:35 Scale Barding Armor
28:40 Forging
29:15 Stone Shaft Mining
29:47 Chain Barding Armor
31:16 Iron Casting
31:33 Husbandry
31:43 Bloodlines
31:17 Elite Jarl
32:18 Conscription
33:20 Plate Barding Armor
|MP| patrick
8:42 Loom
11:35 Feudal Age
12:34 Double-Bit Axe
15:45 Castle Age
13:38 Horse Collar
17:27 Bow Saw
25:37 Wheelbarrow
24:51 Town Watch
26:42 Scale Barding Armor
26:47 Forging
26:29 Gold Mining
26:30 Stone Mining
27:48 Chain Barding Armor
30:25 Imperial Age
28:02 Heavy Plow
28:49 Iron Casting
29:50 Bloodlines
29:41 Husbandry
30:30 Szlachta Privileges
30:55 Fletching
30:30 Cavalier
31:43 Hand Cart
32:13 Crop Rotation
33:52 Blast Furnace
33:14 Scale Mail Armor
32:58 Elite Obuch
Connection lost

Rejoining the realm…

Still unreachable

The connection could not be restored.

Session expired

The server has moved on; the page needs a fresh start.